 Dungeon Crawl Stone Soup version 0.29-a0-483-g69413ace17 (webtiles) character file.

Game seed: 15967919108114536203

60 siradein the Skirmisher (level 4, -1/49 HPs)
             Began as an Ogre Fighter on May 26, 2022.
             Slain by a hobgoblin (6 damage)
             ... led by Robin
             ... on level 3 of the Dungeon.
             The game lasted 00:06:21 (2371 turns).

siradein the Skirmisher (Ogre Fighter)              Turns: 2371, Time: 00:06:22

Health: -1/49      AC:  3    Str: 22    XL:     4   Next: 6%
Magic:  4/4        EV:  8    Int:  9    God:
Gold:   100        SH:  7    Dex:  8    Spells: 3/3 levels left

rFire   + . .      SeeInvis .   a - +0 trident (chaos)
rCold   + . .      Faith    .   c - +0 kite shield
rNeg    . . .      Spirit   .   b - +0 robe
rPois   .          Reflect  .   (helmet restricted)
rElec   .          Harm     .   h - scarf {rC+ rF+}
rCorr   .          Rampage  .   (gloves unavailable)
Will    .....                   (boots unavailable)
Stlth   +.........              (no amulet)
HPRegen 0.16/turn               (no ring)
MPRegen 0.09/turn               (no ring)

@: no status effects
A: large, unfitting armour, tough skin 1
a: no special abilities


You were on level 3 of the Dungeon.
You visited 1 branch of the dungeon, and saw 3 of its levels.

You collected 139 gold pieces.
You spent 39 gold pieces at shops.

Inventory:

Hand Weapons
 a - a +0 trident of chaos (weapon)
Missiles
 g - 50 stones (quivered)
Armour
 b - a +0 robe (worn)
 c - a +0 kite shield (worn)
 h - a scarf of resistance (worn)
Scrolls
 i - 3 scrolls of teleportation
 j - 2 scrolls of enchant weapon {unknown}
 l - a scroll of poison {unknown}
 m - a scroll of vulnerability {unknown}
Potions
 d - a potion of might
 e - 2 potions of heal wounds
 f - 2 potions of resistance {unknown}
 k - 2 potions of attraction {unknown}
 n - 2 potions of curing {unknown}
 o - a potion of degeneration {unknown}
 p - a potion of invisibility {unknown}
 q - a potion of flight {unknown}


   Skills:
 + Level 4.6 Fighting
 + Level 2.7 Polearms
 + Level 3.2 Dodging
 + Level 3.5 Shields


You had 3 spell levels left.
You didn't know any spells.
Your spell library was empty.

Dungeon Overview and Level Annotations

Branches:
Dungeon (3/15)

Altars:

Shops:
D:1 (!?(

Annotations:
D:3 Robin


Innate Abilities, Weirdness & Mutations

You are too large for most types of armour.
You have tough skin. (AC +1)


Message History

The goblin hits you but does no damage. The goblin hits you with a +0 dagger.
You block the hobgoblin's attack.
You barely miss the goblin. The goblin barely misses you.
You block the goblin's attack. The hobgoblin hits you.
You closely miss the goblin. The goblin hits you with a +0 club.
The goblin hits you with a +0 dagger. The hobgoblin barely misses you.
You closely miss the goblin. The hobgoblin closely misses you.
The goblin hits you with a +0 club. You block the goblin's attack.
The goblin hits you with a +0 club. The goblin barely misses you.
The hobgoblin hits you but does no damage.
You closely miss the goblin. The goblin hits you with a +0 club.
You block the goblin's attack.
The hobgoblin hits you but does no damage.
You hit the goblin. You burn the goblin.
You kill the goblin!
You block the goblin's attack. The hobgoblin hits you.
Robin throws the goblin at you! The goblin completely misses you.
The goblin hits you with a +0 club.
Things that are here:
a +0 dagger; a +0 club; a goblin corpse You closely miss the goblin.
The goblin hits you but does no damage. You block the hobgoblin's attack.
The goblin completely misses you. The hobgoblin barely misses you.
You block the goblin's attack. The goblin barely misses you.
You barely miss the goblin. The goblin hits you with a +0 club.
The goblin barely misses you. The hobgoblin hits you.
You closely miss the goblin. You block the goblin's attack. x2
The hobgoblin hits you.
You closely miss the goblin.
Robin points. "Kill!"
The goblin hits you with a +0 club.
* * * LOW HITPOINT WARNING * * *
The hobgoblin completely misses you. The goblin hits you with a +0 club.
* * * LOW HITPOINT WARNING * * *
The hobgoblin hits you but does no damage.
You block the goblin's attack. The goblin hits you but does no damage.
You closely miss the goblin. The goblin hits you with a +0 club.
* * * LOW HITPOINT WARNING * * *
You block the goblin's attack. The hobgoblin hits you.
You die...

### #.#### ..#
#.##.###
....g###g##.#.#
....ggggg@g...#
....#######...#
....# #...######
# ...#
#†........ ..
###..#
#.#.###### ..
..#..# #.#.# .#
#.#..# #.#.# .#
#.#..#######.#.#
.###
#.#..##........#


You could see Robin, 4 hobgoblins and 3 goblins.

Vanquished Creatures
  An adder (D:2)
  A worm (D:2)
  An orc (D:3)
  5 ball pythons
  2 bats
  3 endoplasms
  4 giant cockroaches
  8 goblins
  3 hobgoblins
  3 frilled lizards
  6 kobolds
  7 rats
44 creatures vanquished.

Notes
Turn   | Place    | Note
-------+----------+-------------------------------------------
     0 | D:1      | siradein the Ogre Fighter began the quest for the Orb.
     0 | D:1      | Reached XP level 1. HP: 24/24 MP: 1/1
    76 | D:1      | Found a faded altar of an unknown god.
   182 | D:1      | Reached XP level 2. HP: 32/32 MP: 2/2
   196 | D:1      | Found Foyplil's Weapon Boutique.
   425 | D:1      | Found Kownitto's Weapon Boutique.
   434 | D:1      | Found Kameucku's Magic Scroll Shop.
   443 | D:1      | Bought a scroll of identify for 26 gold pieces
   443 | D:1      | Bought a scroll of noise for 13 gold pieces
   534 | D:1      | Found Hiskirac's Distillery.
   997 | D:2      | Reached XP level 3. HP: 23/40 MP: 3/3
  2354 | D:3      | Noticed Robin
  2357 | D:3      | Reached XP level 4. HP: 47/49 MP: 4/4
  2371 | D:3      | Slain by a hobgoblin

Illustrated notes

Levels and vault maps discovered:
D:1:      amcnicky_arrival_abandoned_market, layout_basic, serial_rivers,
          chequers_serial_rivers_micro_a, chequers_serial_rivers_micro_e,
          chequers_serial_rivers_small_b, chequers_serial_rivers_large_a,
          serial_shops, nicolae_shop_behind_doors, shop_statue, shop, shop,
          hellmonk_ecumenical_altar_run_dry
D:2:      layout_loops_corners
D:3:      layout_loops_ring, gammafunk_temple_overflow_wave,
          hangedman_decor_push, grunt_decor_clamped, uniq_robin

Skill      XL: |  1  2 |
---------------+-------+-----
Dodging        | 3 |  3.2
Fighting       | |  4.6
Polearms       | |  2.7
Shields        | |  3.5

Action                   |  1- 3 |  4- 6 || total
-------------------------+-------+-------++-------
Melee: Trident           |   124 |    13 ||   137
Throw: Stone             |     1 |       ||     1
  Use: Scroll            |     4 |       ||     4
 Stab: Sleeping          |     2 |       ||     2
       Paralysed         |     1 |       ||     1
Armor: Robe              |    16 |    13 ||    29
Dodge: Dodged            |    30 |    15 ||    45
Block: Kite shield       |    28 |    13 ||    41

Table legend: (Time is in decaauts)
 A = Elapsed time spent in this place.
 B = Non-inter-level travel time spent in this place.
 C = Inter-level travel time spent in this place.
 D = Time resting spent in this place.
 E = Time spent auto-exploring this place.
 F = Levels seen in this place.
 G = Mean time per level.
                   A        B        C        D        E       F      G
               +--------+--------+--------+--------+--------+-----+--------+
         Total |   2422 |   2389 |     33 |      0 |   1953 |   3 |  807.3 |
       Dungeon |   2422 |   2389 |     33 |      0 |   1953 |   3 |  807.3 |
               +--------+--------+--------+--------+--------+-----+--------+

Top non-repeatable levels by time:
     D:2: 1284 daAuts
     D:1: 942 daAuts
     D:3: 194 daAuts
